 Seeded DCSS version 0.28-a0-1227-ga9037bb4c8 (webtiles) character file.

Game seed: 20211223 (custom seed)

151 a11behringer the Cudgeller (level 5, -10/33 HPs)
             Began as a Gargoyle Fighter on Dec 23, 2021.
             Mangled by an ogre (18 damage)
             ... on level 3 of the Dungeon.
             The game lasted 00:05:25 (2765 turns).

a11behringer the Cudgeller (Gargoyle Fighter)       Turns: 2765, Time: 00:05:26

Health: -10/33     AC: 16    Str: 22    XL:     5   Next: 33%
Magic:  5/5        EV:  6    Int:  8    God:
Gold:   134        SH:  4    Dex:  9    Spells: 4/4 levels left

rFire   . . .      SeeInvis .   a - +0 flail
rCold   . . .      Faith    .   c - +0 buckler
rNeg    + . .      Spirit   .   f - +0 plate armour
rPois   ∞          Reflect  .   (no helmet)
rElec   +          Harm     .   l - +0 cloak
rCorr   .          Rampage  .   (no gloves)
Will    .....                   (no boots)
Stlth   ..........              (no amulet)
HPRegen 0.11/turn               (no ring)
MPRegen 0.09/turn               (no ring)

@: no status effects
A: sickness immunity, AC +4, negative energy resistance 1, electricity
resistance, torment resistance 1, petrification resistance
a: no special abilities


You were on level 3 of the Dungeon.
You visited 1 branch of the dungeon, and saw 3 of its levels.

You collected 134 gold pieces.

Inventory:

Hand Weapons
 a - a +0 flail (weapon)
 j - a +2 quarterstaff of chaos
Missiles
 e - a throwing net (quivered)
 h - 29 bolts
 k - 3 javelins
Armour
 b - a +0 scale mail
 c - a +0 buckler (worn)
 f - a +0 plate armour (worn)
 l - a +0 cloak (worn)
Magical Staves
 i - a staff of earth
Scrolls
 g - a scroll of noise
 n - a scroll of teleportation {unknown}
Potions
 d - a potion of brilliance {unknown}
 o - a potion of curing


   Skills:
 + Level 3.9 Fighting
 * Level 4.1 Maces & Flails
 + Level 3.9 Armour
 + Level 3.9 Shields


You had 4 spell levels left.
You didn't know any spells.
Your spell library contained the following spells:

 Spells                   Type           Power      Damage    Failure   Level
 Ensorcelled Hibernation  Hex/Ice        0%         N/A       100%        2
 Spider Form              Tmut/Pois      0%         N/A       100%        3


Dungeon Overview and Level Annotations

Branches:
Dungeon (3/15)

Altars:

Shops:
D:2 *


Innate Abilities, Weirdness & Mutations

You are immune to sickness and miasma.
Your stone body is resilient. (AC +4)
You are immune to poison.
You resist negative energy. (rN+)
You are resistant to electric shocks. (rElec)
You are resistant to unholy torment.
You are immune to petrification.


Message History

There is a stone staircase leading down here.
You climb downwards.
Found a scale mail.
Found a stone staircase leading up.
There is a stone staircase leading up here.
n - a scroll labelled QOCATA UZIOG An ogre comes into view.
It is wielding a +0 giant club.
The ogre shouts!
A giant cockroach comes into view.
You hit the ogre.
The ogre is lightly wounded.
You block the ogre's attack.
You barely miss the ogre.
The ogre is lightly wounded.
The ogre hits you with a +0 giant club!!
Ouch! That really hurt!
You feel much better.
You hit the ogre.
The ogre is lightly wounded.
You block the ogre's attack.
You completely miss the ogre.
The ogre is lightly wounded.
The ogre hits you with a +0 giant club.
You hit the ogre but do no damage.
The ogre is lightly wounded.
The ogre barely misses you.
You barely miss the ogre.
The ogre is lightly wounded.
The ogre completely misses you.
You barely miss the ogre.
The ogre is lightly wounded.
The ogre hits you with a +0 giant club!
* * * LOW HITPOINT WARNING * * *
You thump the ogre!
The ogre is moderately wounded.
The ogre barely misses you.
You closely miss the ogre.
The ogre is moderately wounded.
The ogre hits you with a +0 giant club!!
Ouch! That really hurt!
You die...

#........# #.....#
..##..#..###.....#
..................#
....#.....###....<#
#. #.....# #.<.[.#
#..#.....# #######
#.......##
##.#.#.## #....@#
###...OB..#
#######.#


You could see an ogre and a giant cockroach.

Vanquished Creatures
  Crazy Yiuf (D:2)
  Natasha (thrice) (D:2)
  A worm (D:2)
  A dart slug (D:1)
  9 endoplasms
  A giant cockroach (D:2)
  5 hobgoblins
  3 quokkas
  A ball python (D:1)
  4 bats
  A goblin (D:1)
  8 kobolds
  5 rats
43 creatures vanquished.

Notes
Turn   | Place    | Note
-------+----------+-------------------------------------------
     0 | D:1      | a11behringer the Gargoyle Fighter began the quest for the
                  | Orb.
     0 | D:1      | Reached XP level 1. HP: 14/14 MP: 1/1
   307 | D:1      | Reached XP level 2. HP: 19/19 MP: 2/2
   907 | D:1      | Reached XP level 3. HP: 11/23 MP: 3/3
  1466 | D:2      | Found Ulifitogo's General Store.
  1660 | D:2      | Noticed Natasha
  1665 | D:2      | Killed Natasha
  1666 | D:2      | Reached skill level 3 in Maces & Flails
  1666 | D:2      | Reached XP level 4. HP: 28/29 MP: 4/4
  1700 | D:2      | Noticed Natasha
  1714 | D:2      | Killed Natasha
  2329 | D:2      | Found a runed translucent door.
  2330 | D:2      | Noticed Crazy Yiuf
  2357 | D:2      | Noticed Natasha
  2368 | D:2      | Killed Natasha
  2369 | D:2      | Reached XP level 5. HP: 29/33 MP: 5/5
  2654 | D:2      | Killed Crazy Yiuf
  2655 | D:2      | Reached skill level 4 in Maces & Flails
  2755 | D:3      | Noticed an ogre
  2765 | D:3      | Mangled by an ogre

Illustrated notes

Levels and vault maps discovered:
D:1:      dpeg_arrival_simpleton_a, layout_basic
D:2:      layout_loops_ring, serial_shops, shop, uniq_natasha,
          uniq_crazy_yiuf_cottage
D:3:      layout_loops_cross, serial_shops, nicolae_diamond_shop,
          skrybe_limestone_x

Skill      XL: |  1  2  3  4  5 |
---------------+----------------+-----
Maces & Flails | 3 4 |  4.1
Fighting       | |  3.9
Armour         | |  3.9
Shields        | |  3.9

Action                   |  1- 3 |  4- 6 || total
-------------------------+-------+-------++-------
Melee: Flail             |   107 |    60 ||   167
  Use: Potion            |       |     2 ||     2
       Scroll            |       |     4 ||     4
Armor: Scale mail        |     7 |       ||     7
       Plate armour      |    98 |    31 ||   129
Dodge: Dodged            |    31 |    18 ||    49
Block: Buckler           |    25 |    12 ||    37

Table legend: (Time is in decaauts)
 A = Elapsed time spent in this place.
 B = Non-inter-level travel time spent in this place.
 C = Inter-level travel time spent in this place.
 D = Time resting spent in this place.
 E = Time spent auto-exploring this place.
 F = Levels seen in this place.
 G = Mean time per level.
                   A        B        C        D        E       F      G
               +--------+--------+--------+--------+--------+-----+--------+
         Total |   2824 |   2630 |    194 |     22 |   2214 |   3 |  941.3 |
       Dungeon |   2824 |   2630 |    194 |     22 |   2214 |   3 |  941.3 |
               +--------+--------+--------+--------+--------+-----+--------+

Top non-repeatable levels by time:
     D:1: 1491 daAuts
     D:2: 1306 daAuts
     D:3: 26 daAuts
